 Dungeon Crawl Stone Soup version 0.25-a0-189-gf71692caf1 (webtiles) character file.

Game seed: 17009521732765336619, levelgen mode: deterministic

624276 Barrydekale the Petrodigitator (level 27, -8/179 HPs)
             Began as a Gargoyle Earth Elementalist on Nov 12, 2019.
             Was the Champion of Vehumet.
             Mangled by a spectral titan (17 damage)
             ... summoned by a greater mummy
             ... on level 3 of the Tomb of the Ancients on Nov 29, 2019.
             The game lasted 09:46:14 (104425 turns).

Barrydekale the Petrodigitator (GrEE)             Turns: 104425, Time: 09:46:15

Health: -8/179     AC: 35    Str: 11    XL:     27
Magic:  44/44      EV: 16    Int: 25    God:    Vehumet [******]
Gold:   5634       SH:  8    Dex: 10    Spells: 8/60 levels left

rFire    + + +     SeeInvis +   S - staff of energy
rCold    + + .     Gourm    .   O - +3 buckler {AC+3}
rNeg     + + +     Faith    .   Q - +2 robe {rC+ rF+}
rPois    ∞         Spirit   .   A - +0 hat {MR+}
rElec    +         Reflect  .   s - scarf {repulsion}
rCorr    +         Harm     .   g - +2 pair of gloves {Str+3}
MR       +++++                  T - +1 pair of boots of Ego Kiseudej {rN+++ MR+++ Str-5 Slay-6}
Stlth    ++++......             p - amulet of the Evening {+Rage rF++ Str-3}
HPRegen  0.39/turn              R - ring of Cowardice {rC+ rCorr}
MPRegen  0.29/turn              Z - ring of see invisible

@: about to teleport, marked, very slightly contaminated, slowed, repel
missiles, very slow
A: big wings, negative energy resistance 1, electricity resistance, unbreathing,
petrification resistance, rot immunity, AC +20
}: 4/15 runes: barnacled, slimy, silver, gossamer
a: Fly, Renounce Religion, Evoke Berserk Rage


You were on level 3 of the Tomb of the Ancients.
You worshipped Vehumet.
Vehumet was exalted by your worship.
You were not hungry.

You visited 11 branches of the dungeon, and saw 51 of its levels.
You also visited: Gauntlet, Ice Cave, Volcano and Wizlab.

You collected 7755 gold pieces.
You spent 2121 gold pieces at shops.

Inventory:

Missiles
 b - 459 stones (quivered)
Armour
 g - a +2 pair of gloves of strength (worn)
 s - a scarf of repulsion (worn)
 A - a +0 hat of magic resistance (worn)
 O - a +3 buckler of protection (worn)
 Q - a +2 robe of resistance (worn)
 T - the +1 pair of boots of Ego Kiseudej (worn) {rN+++ MR+++ Str-5 Slay-6}
   (You acquired it on level 5 of the Vaults)

   It affects your strength (-5).
   It affects your accuracy and damage with ranged weapons and melee attacks
   (-6).
   It renders you almost immune to negative energy.
   It affects your resistance to hostile enchantments.
Magical Staves
 N - an uncursed staff of earth
 S - an uncursed staff of energy (weapon)
Jewellery
 p - the amulet of the Evening (around neck) {+Rage rF++ Str-3}
   (You acquired it on level 2 of the Orcish Mines)

   [amulet of rage]

   It affects your strength (-3).
   It greatly protects you from fire.
   It lets you go berserk.
 z - an uncursed amulet of the gourmand
 P - the ring of Voen {MR+ Int+5}
   (You found it on level 3 of the Crypt)

   [ring of intelligence]

   It affects your intelligence (+5).
   It affects your resistance to hostile enchantments.
 R - the ring of Cowardice (left hand) {rC+ rCorr}
   (You found it on level 5 of the Pits of Slime)

   [ring of resist corrosion]

   It protects you from cold.
   It provides partial protection from all sources of acid and corrosion.
 U - an uncursed ring of magical power {unknown}
 Z - a ring of see invisible (right hand)
Wands
 q - a wand of clouds (10)
 B - a wand of paralysis (25)
 E - a wand of digging (5)
 F - a wand of scattershot (10)
 G - a wand of acid (7)
 H - a wand of disintegration (10)
 K - a wand of iceblast (55)
Scrolls
 c - 2 scrolls of holy word
 i - 7 scrolls of teleportation
 n - 19 scrolls of identify
 o - 3 scrolls of silence
 r - a scroll of fog
 t - 20 scrolls of remove curse
 u - 3 scrolls of enchant armour
 v - 4 scrolls of torment
 y - 4 scrolls of magic mapping
 C - 12 scrolls of immolation
 D - 10 scrolls of amnesia
 L - 4 scrolls of blinking
 M - 6 scrolls of vulnerability
 V - 2 scrolls of fear
Potions
 e - a potion of magic
 f - 9 potions of brilliance
 h - 22 potions of curing
 j - 7 potions of might
 k - 8 potions of agility
 l - 3 potions of resistance
 m - 5 potions of invisibility
 I - 12 potions of lignification
 W - 8 potions of mutation
Miscellaneous
 w - 2 sacks of spiders
 x - a lamp of fire
 J - 3 boxes of beasts
 X - a fan of gales
 Y - 3 phantom mirrors
Comestibles
 d - 42 rations


   Skills:
 - Level 20.0 Fighting
   Level 3.1(3.8) Maces & Flails
 - Level 3.3(4.0) Staves
 - Level 15.0 Armour
 - Level 10.1 Dodging
 - Level 8.1 Stealth
 - Level 5.0 Shields
 - Level 17.4 Spellcasting
 - Level 20.0 Conjurations
 - Level 3.0 Charms
 - Level 6.0 Necromancy
 + Level 7.2 Translocations
 - Level 0.7 Transmutations
 - Level 5.0 Fire Magic
 - Level 1.0 Air Magic
 O Level 27 Earth Magic
 - Level 2.3 Poison Magic
 - Level 10.0 Evocations


You had 8 spell levels left.
You knew the following spells:

 Your Spells              Type           Power        Failure   Level  Hunger
a - Sandblast             Erth           ######       0%          1    None
b - Bolt of Magma         Conj/Fire/Erth #######...   1%          5    None
c - Lee's Rapid Deconstr  Erth           ########..   0%          5    None
d - Regeneration          Chrm/Necr      #####.....   1%          3    None
e - Mephitic Cloud        Conj/Pois/Air  ######..     1%          3    None
f - Petrify               Tmut/Erth      ######..     1%          4    None
g - Blink                 Tloc           N/A          1%          2    None
h - Animate Dead          Necr           N/A          1%          4    None
i - Iron Shot             Conj/Erth      #######...   0%          6    None
j - Shatter               Erth           ########..   1%          9    None
k - Swiftness             Chrm/Air       ####....     1%          2    None
l - Lehudib's Crystal Sp  Conj/Erth      #######...   1%          8    None

Your spell library contained the following spells:

 Spells                   Type           Power        Failure   Level  Hunger
 Tornado                  Air            ####......   100%        9    None
 Magic Dart               Conj           ####         0%          1    None
 Sting                    Conj/Pois      ####         0%          1    None
 Passwall                 Tmut/Erth      ######..     0%          2    None
 Stone Arrow              Conj/Erth      ######       0%          3    None
 Animate Skeleton         Necr           N/A          1%          1    None
 Apportation              Tloc           ######       1%          1    None
 Beastly Appendage        Tmut           ####..       1%          1    None
 Freeze                   Ice            ###.         1%          1    None
 Pain                     Necr           ####         1%          1    None
 Shock                    Conj/Air       ####         1%          1    None
 Poisonous Vapours        Pois/Air       ####..       1%          2    None
 Shroud of Golubria       Chrm/Tloc      #####.       1%          2    None
 Throw Frost              Conj/Ice       ######       1%          2    None
 Conjure Flame            Conj/Fire      ######..     1%          3    None
 Dazzling Spray           Conj/Hex       ######       1%          3    None
 Gell's Gravitas          Tloc           ######....   1%          3    None
 Ignite Poison            Fire/Tmut/Pois #####...     1%          3    None
 Inner Flame              Hex/Fire       ####....     1%          3    None
 Lesser Beckoning         Tloc           ######....   1%          3    None
 Portal Projectile        Hex/Tloc       #####.       1%          3    None
 Recall                   Summ/Tloc      N/A          1%          3    None
 Static Discharge         Conj/Air       ######..     1%          3    None
 Teleport Other           Tloc           ######..     1%          3    None
 Vampiric Draining        Necr           ######....   1%          3    None
 Force Lance              Conj/Tloc      ######..     1%          4    None
 Leda's Liquefaction      Hex/Erth       ######....   1%          4    None
 Passage of Golubria      Tloc           N/A          1%          4    None
 Throw Icicle             Conj/Ice       ######..     1%          4    None
 Irradiate                Conj/Tmut      ######....   1%          5    None
 Lightning Bolt           Conj/Air       ######....   1%          5    None
 Venom Bolt               Conj/Pois      ######....   1%          5    None
 Bolt of Cold             Conj/Ice       ######....   1%          6    None
 Bolt of Fire             Conj/Fire      ######....   1%          6    None
 Conjure Ball Lightning   Conj/Air       ######....   1%          6    None
 Confusing Touch          Hex            ###...       2%          1    None
 Corona                   Hex            ###....      2%          1    None
 Summon Butterflies       Summ           ###.....     2%          1    None
 Olgreb's Toxic Radiance  Pois           ####....     2%          4    None
 Call Imp                 Summ           ###.....     3%          2    None
 Ensorcelled Hibernation  Hex/Ice        ###...       3%          2    None
 Slow                     Hex            ###.....     3%          2    None
 Ozocubu's Armour         Chrm/Ice       ####....     3%          3    None
 Airstrike                Air            ####......   4%          4    None
 Freezing Cloud           Conj/Ice/Air   ######....   5%          6    None
 Call Canine Familiar     Summ           ###.....     7%          3    None
 Confuse                  Hex            ###.....     7%          3    None
 Tukima's Dance           Hex            ###.....     7%          3    None
 Summon Forest            Summ/Tloc      #####.....   14%         5    None
 Yara's Violent Unravell  Hex/Tmut       ###.......   16%         5    None
 Summon Lightning Spire   Summ/Air       ###.....     19%         4    None
 Dispersal                Tloc           ######....   19%         6    None
 Ice Form                 Ice/Tmut       ###.....     21%         4    None
 Cause Fear               Hex            ###.......   22%         4    None
 Summon Ice Beast         Ice/Summ       ###.....     22%         4    None
 Alistair's Intoxication  Tmut/Pois      ####....     34%         5    None
 Silence                  Hex/Air        ###.......   45%         5    None
 Aura of Abjuration       Summ           ###.......   54%         5    None
 Metabolic Englaciation   Hex/Ice        ###.......   54%         5    None
 Summon Demon             Summ           ###.......   54%         5    None
 Summon Mana Viper        Hex/Summ       ###.....     54%         5    None
 Ozocubu's Refrigeration  Ice            ###.......   63%         6    None
 Simulacrum               Ice/Necr       #####.....   71%         6    None
 Deflect Missiles         Chrm/Air       ####......   83%         6    None
 Hydra Form               Tmut           ####......   95%         6    None
 Invisibility             Hex            ###.....     98%         6    None
 Shadow Creatures         Summ           N/A          98%         6    None
 Ring of Flames           Chrm/Fire      #####.....   98%         7    None
 Haunt                    Necr/Summ      #####.....   99%         7    None
 Dragon Form              Tmut           ####......   100%        7    None
 Borgnjor's Revivificati  Necr           ######....   100%        8    None
 Controlled Blink         Tloc           N/A          100%        8    None
 Death's Door             Chrm/Necr      #####.....   100%        8    None
 Disjunction              Tloc           ######....   100%        8    None
 Infestation              Necr           ######....   100%        8    None
 Necromutation            Tmut/Necr      #####.....   100%        8    None
 Sublimation of Blood     Necr           Unusable     N/A         2    N/A
 Statue Form              Tmut/Erth      Unusable     N/A         6    N/A

Dungeon Overview and Level Annotations

Branches:
Dungeon (15/15)            Temple (1/1) D:7            Lair (6/6) D:11
 Shoals (4/4) Lair:3       Spider (4/4) Lair:3        Slime (5/5) Lair:5
    Orc (2/2) D:9             Elf (3/3) Orc:2        Vaults (5/5) D:14
  Crypt (3/3) Vaults:2       Tomb (3/3) Crypt:3      Depths (0/5) D:15
  IceCv (visited)         Volcano (visited)          WizLab (visited)
Gauntlet (visited)

Altars:
Ashenzari
Cheibriados
Dithmenos
Elyvilon
Fedhas
Gozag
Hepliaklqana
Kikubaaqudgha
Makhleb
Nemelex Xobeh
Okawaru
Qazlal
Ru
Sif Muna
Trog
Uskayaw
Vehumet
Wu Jian
Xom
Yredelemnul
Zin
The Shining One
Jiyva

Shops:
D:8 %   D:14 !   Orc:1 %   Orc:2 ?[*(   Elf:1 (   Vaults:2 (   Vaults:3 =
Vaults:5 ?

Portals:
Hell: Lair:6

Annotations:
D:4 Dowan, Duvessa
D:6 1 runed translucent door, kikaha's ghost, novice OpAs
D:15 3 runed translucent doors
Lair:6 1 exclusion
Shoals:3 exclusion: kraken
Slime:5 Royal Jelly
Elf:2 1 runed translucent door, 1 exclusion, hitsuchi's ghost, adept MfCK
Vaults:4 Bai Suzhen; Mennas
Tomb:3 Khufu


Innate Abilities, Weirdness & Mutations

You are resistant to torment.
Your stone body is resilient. (AC +20)
You are immune to poison.
Your large and strong wings let you fly indefinitely.
You resist negative energy. (rN+)
You are resistant to electric shocks. (rElec)
You can survive without breathing.
You are immune to petrification.
You are immune to rotting.


Message History

Vehumet accepts your kill.
Your Translocations skill increases to level 7!
A door shatters!
You destroy the death scarab!
Vehumet accepts your kill.
You destroy the death scarab!
Vehumet accepts your kill. x2
You feel a bit more experienced.
Ka-crash!
You feel extremely nervous for a moment...
You are engulfed in negative energy!
You resist.
A death scarab comes into view. x2
You block the death scarab's attack.
A death scarab comes into view.
The death scarab bites you but does no damage.
The spectral titan closely misses you. You block the death scarab's attack.
The death scarab closely misses you. The death scarab completely misses you.
A death scarab comes into view.
The spectral titan hits you!
You die...

**,,,,...,,,,,,,,,
***,,†s,,,,,,,,,,
##.s#.#*,,,,,,,
#.#(†..##,,.....
##$ss(..^##,.....
#$$.......##.....
##§††^.....<#.^...
#ss§§§§§.....##...
#@Z2§§§§......#..s
#.$s§§§§§......#...
##$§$§M§$.....$§#..
#$$§|§§)$..^..§§..
##$=$$Z$$s...§.Z§§
#.$$$$$$Zs..§§#M§
##$$$$$!...§s§M§
##$$$$$$.2Z2#§s
##$:$$$.s.#§§§


You could see a reaper, a spectral iron dragon, a spectral titan and 7 death
scarabs.

Vanquished Creatures
  Mara (Tomb:2)
  2 ancient liches
  31 greater mummies
  Margery (Vaults:5)
  Saint Roka (Crypt:3)
  A curse toe (Crypt:3)
  7 liches
  3 tentacled monstrosities (Vaults:5)
  A deep elf blademaster (Elf:3)
  4 titans (Vaults:5)
  A quicksilver dragon (Vaults:4)
  8 ancient champions
  A deep elf master archer (Elf:3)
  10 sphinxes
  22 acid blobs
  2 tengu reavers (Vaults:3)
  Kirke (Spider:3)
  2 fire giants
  12 azure jellies
  4 shadow dragons
  2 revenants
  A storm dragon (Vaults:3)
  13 vault wardens
  4 frost giants
  Aizul (Shoals:2)
  8 deep elf sorcerers (Elf:3)
  An iron dragon (Vaults:5)
  A juggernaut zombie (Crypt:2)
  A curse skull (Crypt:2)
  3 ghost moths (Spider:4)
  6 deep elf elementalists
  4 emperor scorpions
  3 caustic shrike skeletons (Crypt:3)
  9 ghouls
  4 war gargoyles (Vaults:5)
  13 very ugly things
  10 ironheart preservers
  2 bennus (Crypt:3)
  Nessos (Lair:5)
  8 stone giants
  An entropy weaver (Vaults:4)
  5 deep elf demonologists
  A vampire knight (Crypt:2)
  A minotaur (shapeshifter) (Vaults:5)
  5 deep elf annihilators
  2 spark wasps (Spider:4)
  9 deep elf death magi
  5 merfolk impalers
  3 eidola
  5 ettins
  18 mummy priests
  A death ooze (Slime:5)
  Josephine (Orc:2)
  5 fire dragons
  2 merfolk javelineers (Shoals:4)
  7 deep elf high priests
  6 great orbs of eyes
  A quicksilver dragon skeleton (Crypt:3)
  12 yaktaur captains
  9 hydras
  30 vault guards
  An ice dragon (Vaults:4)
  A rakshasa (Vaults:2)
  6 merfolk aquamancers
  3 merfolk avatars
  8 ogre magi
  2 alligator snapping turtles
  27 two-headed ogres
  7 dancing weapons
  4 tengu warriors
  A queen ant (shapeshifter) (Vaults:5)
  3 satyrs
  66 death scarabs
  9 centaur warriors
  4 vampire magi
  8 death knights
  A titan zombie (Crypt:2)
  A deep troll shaman (Vaults:2)
  3 orc high priests (Orc:2)
  A shock serpent (shapeshifter) (Vaults:5)
  3 soul eaters
  5 titan skeletons
  2 sun demons
  2 shadow wraiths
  A sixfirhy (Tomb:2)
  17 deep elf knights
  5 hell knights
  20 skeletal warriors
  An anaconda zombie (Tomb:1)
  A storm dragon skeleton (Tomb:1)
  2 unseen horrors
  A glowing orange brain (Slime:5)
  A sea snake (shapeshifter) (Vaults:5)
  4 wizards
  9 sea snakes
  3 flayed ghosts
  An obsidian statue (D:15)
  A swamp dragon (shapeshifter) (Vaults:5)
  12 deep trolls
  3 shadow dragon zombies
  15 deep elf archers
  13 phantasmal warriors
  21 harpies
  2 anaconda skeletons
  19 orc knights
  A wolf spider zombie (D:15)
  An iron dragon zombie (Crypt:1)
  A golden dragon skeleton (Crypt:3)
  13 ironbrand convokers
  6 necromancers
  A shining eye (Slime:5)
  An oklob plant (Lair:3)
  A fire giant zombie (Tomb:3)
  61 deep elf magi
  45 ugly things
  35 wolf spiders
  16 manticores
  A shadow dragon skeleton (Crypt:2)
  14 fauns
  75 slime creatures
  16 orb spiders
  A moth of wrath (Spider:2)
  4 fire giant skeletons
  8 orc sorcerers
  A faun (shapeshifter) (Vaults:5)
  2 stone giant skeletons (Crypt:3)
  10 cyclopes
  7 merfolk sirens
  3 iron dragon skeletons
  Maurice (D:8)
  15 vault sentinels
  5 elephants
  A black mamba (shapeshifter) (Vaults:4)
  7 water nymphs
  6 black mambas
  A frost giant skeleton (Crypt:3)
  2 orange demons
  An elephant slug zombie (Crypt:1)
  2 eyes of devastation
  A smoke demon (Lair:6)
  A shock serpent skeleton (Crypt:3)
  11 spiny frogs
  A gargoyle (D:14)
  A purple draconian zombie (Crypt:3)
  11 rime drakes
  6 demonic crawlers
  5 kobold demonologists
  A komodo dragon (shapeshifter) (Elf:3)
  An efreet (D:15)
  22 yaktaurs
  7 komodo dragons
  2 hydra zombies
  2 ice devils
  14 freezing wraiths
  A red draconian skeleton (Crypt:3)
  A red devil (Lair:6)
  42 guardian mummies
  6 trolls
  36 jumping spiders
  31 merfolk
  A death drake zombie (Crypt:3)
  2 harpy zombies (Crypt:2)
  13 polar bears (IceCv)
  5 wind drakes
  A bog body (Crypt:1)
  2 fire dragon zombies (Crypt:2)
  9 hornets
  26 blink frogs
  13 dream sheep
  2 hippogriffs (shapeshifter)
  12 snapping turtles
  20 hippogriffs
  A fire giant simulacrum (Vaults:1)
  An alligator zombie (Crypt:2)
  An ice dragon zombie (Crypt:2)
  A frost giant simulacrum (Vaults:4)
  An ettin skeleton (Crypt:1)
  2 vampires
  An air elemental (Elf:2)
  2 fire dragon skeletons
  16 flying skulls
  13 wraiths
  59 yaks
  47 redbacks
  2 redbacks (shapeshifter) (Vaults:5)
  A shadow (D:12)
  19 tarantellas
  2 fire elementals
  13 water elementals
  A hungry ghost (D:7)
  24 ushabtiu
  15 wyverns
  2 hogs (Spider:3)
  9 basilisks
  3 vampire mosquitoes (D:12)
  2 human simulacra (Vaults:1)
  A soldier ant (shapeshifter) (D:14)
  A two-headed ogre zombie (Crypt:3)
  A soldier ant (D:14)
  6 porcupines
  6 hell hounds
  7 wargs
  3 acid dragons
  A hydra simulacrum (Crypt:2)
  A spiny frog zombie (Crypt:2)
  12 water moccasins
  45 orc warriors
  7 sky beasts
  A hornet zombie (D:6)
  A human zombie (Vaults:4)
  A black bear (D:9)
  7 necrophages
  3 phantoms
  A sky beast (shapeshifter) (Vaults:5)
  2 ice beasts
  A swamp drake (D:11)
  14 boggarts
  18 wolves
  34 ogres
  5 eyes of draining
  An orc skeleton (Vaults:1)
  24 centaurs
  A snapping turtle skeleton (Crypt:1)
  15 crocodiles
  4 big kobolds (D:9)
  21 bullfrogs
  A komodo dragon skeleton (Crypt:1)
  An elf zombie (Crypt:3)
  3 earth elementals
  A wyvern zombie (D:12)
  A water moccasin zombie (Crypt:1)
  7 scorpions
  23 killer bees
  27 wights
  2 electric eels
  2 howler monkeys (D:14)
  3 centaur zombies
  A bullfrog zombie (D:12)
  8 crimson imps
  A quasit (D:5)
  A black bear zombie (Crypt:2)
  34 orc priests
  A basilisk zombie (Crypt:1)
  13 hounds
  3 centaur skeletons
  2 jellies
  A gnoll shaman (Orc:1)
  3 bullfrog skeletons
  3 iguanas
  A black bear skeleton (Crypt:1)
  A human skeleton (Crypt:2)
  28 orc wizards
  4 hell rats (Lair:6)
  9 worker ants
  A deep dwarf skeleton (Crypt:1)
  A dwarf skeleton (Crypt:2)
  An ogre skeleton (Crypt:3)
  48 mummies
  3 worker ant zombies
  3 howler monkey zombies
  Robin (D:3)
  18 gnolls
  15 adders
  A river rat (shapeshifter) (Vaults:2)
  A shadow imp (D:8)
  2 oozes
  2 adder skeletons
  3 worms
  A dart slug (D:2)
  5 leopard geckos
  113 orcs
  17 bats
  A bat skeleton (Crypt:2)
  6 giant cockroaches
  19 goblins
  8 hobgoblins
  7 jackals
  12 kobolds
  6 quokkas
  12 frilled lizards
  A gnoll skeleton (Crypt:2)
  A jackal skeleton (Crypt:1)
  A leopard gecko skeleton (D:4)
  2 leopard gecko zombies
  An orc zombie (Tomb:1)
  9 rats
  3 fungi
  5 plants
  A tentacle (Shoals:3)
2332 creatures vanquished.

Vanquished Creatures (collateral kills)
  A vault warden (Vaults:4)
  An ironheart preserver (Vaults:4)
  3 very ugly things (Vaults:3)
  A great orb of eyes (Vaults:2)
  3 ogre magi (Vaults:3)
  A rakshasa (Vaults:3)
  A vault guard (Vaults:4)
  A yaktaur captain (Vaults:2)
  An ice dragon (Vaults:3)
  5 two-headed ogres
  A centaur warrior (Vaults:3)
  A titan skeleton (Vaults:4)
  A deep elf knight (Vaults:3)
  A deep troll (Vaults:2)
  4 ironbrand convokers
  2 orc knights
  A deep elf mage (Vaults:3)
  A wolf spider (Vaults:4)
  3 ugly things
  An orc sorcerer (Orc:1)
  A vault sentinel (Vaults:3)
  An orange demon (Lair:6)
  A freezing wraith (Vaults:2)
  An ice devil (Orc:1)
  2 red devils (Lair:6)
  A troll (Vaults:2)
  A polar bear (IceCv)
  A hornet (Vaults:2)
  2 slime creatures (Vaults:2)
  A raiju (shapeshifter) (Vaults:2)
  An ettin zombie (Vaults:4)
  A yak (IceCv)
  A hell hound (Lair:6)
  An orc warrior (Vaults:3)
  3 ogres (Vaults:3)
  A boggart (Vaults:2)
  A wolf (IceCv)
  A human zombie (Vaults:4)
  An orc priest (Vaults:3)
  An orc wizard (Vaults:2)
  A worker ant (D:12)
  5 orcs
  A jackal (shapeshifter) (Vaults:2)
65 creatures vanquished.

Vanquished Creatures (others)
  A ghost moth (Spider:4)
  A phantasmal warrior (Vaults:4)
  A rime drake (IceCv)
  A freezing wraith (Vaults:4)
  4 polar bears (IceCv)
  2 yaks (IceCv)
  A water elemental (Elf:1)
  A water moccasin (Lair:2)
  A boggart (D:15)
  A wolf (IceCv)
  A bush (Lair:6)
  20 fungi
  36 plants
  11 tentacles (Shoals:3)
82 creatures vanquished.

Grand Total: 2479 creatures vanquished

Notes
Turn   | Place    | Note
-------+----------+-------------------------------------------
     0 | D:1      | Barrydekale the Gargoyle Earth Elementalist began the quest
                  | for the Orb.
     0 | D:1      | Reached XP level 1. HP: 10/10 MP: 3/3
   178 | D:1      | Reached XP level 2. HP: 3/15 MP: 3/5
   432 | D:1      | Reached skill level 4 in Earth Magic
   908 | D:1      | Reached XP level 3. HP: 19/19 MP: 6/6
   913 | D:1      | Learned a level 3 spell: Stone Arrow
  1276 | D:2      | Reached skill level 1 in Conjurations
  1316 | D:2      | Reached XP level 4. HP: 15/24 MP: 0/8
  1583 | D:2      | Noticed an ogre
  2257 | D:2      | Killed an ogre
  2257 | D:2      | Reached skill level 5 in Earth Magic
  2257 | D:2      | Reached XP level 5. HP: 28/28 MP: 4/10
  2740 | D:3      | Noticed Robin
  2803 | D:3      | Killed Robin
  3014 | D:2      | Learned a level 5 spell: Lee's Rapid Deconstruction
  3030 | D:3      | Reached XP level 6. HP: 31/32 MP: 11/11
  3349 | D:3      | Reached skill level 1 in Maces & Flails
  4120 | D:4      | Reached skill level 6 in Earth Magic
  4120 | D:4      | Reached XP level 7. HP: 31/36 MP: 6/13
  4640 | D:4      | Noticed Duvessa
  4640 | D:4      | Noticed Dowan
  4986 | D:4      | Learned a level 3 spell: Regeneration
  5457 | D:5      | Entered Level 5 of the Dungeon
  5769 | D:5      | Reached skill level 1 in Fighting
  5769 | D:5      | Reached skill level 1 in Armour
  5966 | D:5      | Reached XP level 8. HP: 43/43 MP: 1/14
  6120 | D:5      | Found a shimmering altar of Xom.
  6590 | D:6      | Reached skill level 7 in Earth Magic
  6763 | D:6      | Learned a level 3 spell: Mephitic Cloud
  6764 | D:6      | Reached skill level 5 in Spellcasting
  6909 | D:6      | Noticed kikaha's ghost (novice OpAs)
  6928 | D:6      | Found a runed translucent door.
  7108 | D:6      | Reached skill level 1 in Poison Magic
  7227 | D:6      | Reached XP level 9. HP: 49/49 MP: 16/16
  7263 | D:6      | Reached skill level 5 in Conjurations
  7263 | D:6      | Reached skill level 8 in Earth Magic
  7565 | D:7      | Found a staircase to the Ecumenical Temple.
  7574 | Temple   | Entered the Ecumenical Temple
  7636 | Temple   | Became a worshipper of Vehumet
  7669 | D:7      | Noticed a green ugly thing
  7733 | D:7      | Killed a green ugly thing
  8086 | D:7      | Reached skill level 1 in Air Magic
  8321 | D:7      | Reached skill level 9 in Earth Magic
  8709 | D:7      | Reached skill level 1 in Charms
  8709 | D:7      | Reached skill level 1 in Necromancy
  8966 | D:8      | Found an ancient bone altar of Kikubaaqudgha.
  9747 | D:8      | Found Ydaokhlunn's Food Shop.
  9961 | D:8      | Noticed Maurice
 10278 | D:8      | Killed Maurice
 10278 | D:8      | Reached XP level 10. HP: 54/54 MP: 6/17
 10803 | D:8      | Reached skill level 10 in Earth Magic
 11251 | D:9      | Reached * piety under Vehumet
 11251 | D:9      | Offered knowledge of Freeze by Vehumet.
 11437 | D:9      | Noticed a kobold demonologist
 11441 | D:9      | Noticed a kobold demonologist
 11446 | D:9      | Killed a kobold demonologist
 11546 | D:9      | Killed a kobold demonologist
 11596 | D:9      | Noticed a kobold demonologist
 11691 | D:9      | Killed a kobold demonologist
 11762 | D:9      | Noticed a kobold demonologist
 11823 | D:8      | Killed a kobold demonologist
 12421 | D:9      | Reached XP level 11. HP: 62/62 MP: 13/19
 12501 | D:9      | Found a staircase to the Orcish Mines.
 12526 | D:9      | Offered knowledge of Searing Ray by Vehumet.
 12549 | D:9      | Reached ** piety under Vehumet
 12549 | D:9      | Reached skill level 5 in Fighting
 12717 | D:9      | Reached skill level 5 in Armour
 13086 | D:9      | Reached skill level 11 in Earth Magic
 13415 | D:9      | Learned a level 4 spell: Petrify
 13697 | D:10     | Entered Level 10 of the Dungeon
 13820 | D:10     | Noticed a two-headed ogre
 13838 | D:10     | Killed a two-headed ogre
 14124 | D:10     | Offered knowledge of Static Discharge by Vehumet.
 14128 | D:10     | Learned a level 2 spell: Blink
 14409 | D:10     | Reached skill level 5 in Dodging
 14447 | D:10     | Reached skill level 1 in Translocations
 15115 | D:11     | Noticed a manticore
 15514 | D:11     | Reached *** piety under Vehumet
 15578 | D:11     | Found a staircase to the Lair.
 15683 | D:11     | Noticed a centaur warrior
 15921 | D:10     | Killed an unseen horror
 16004 | D:10     | Offered knowledge of Fulminant Prism by Vehumet.
 16570 | D:11     | Killed a centaur warrior
 16570 | D:11     | Reached skill level 12 in Earth Magic
 16570 | D:11     | Reached XP level 12. HP: 54/72 MP: 2/22
 16775 | D:11     | Noticed a tengu warrior
 16793 | D:11     | Killed a tengu warrior
 17015 | Lair:1   | Entered Level 1 of the Lair of Beasts
 17179 | Lair:1   | Reached **** piety under Vehumet
 17366 | Lair:1   | Reached skill level 5 in Stealth
 17777 | Lair:1   | Offered knowledge of Yara's Violent Unravelling by Vehumet.
 20550 | Lair:3   | Found a staircase to the Shoals.
 20586 | Lair:3   | Reached XP level 13. HP: 39/79 MP: 14/23
 20597 | Lair:3   | Reached skill level 13 in Earth Magic
 20761 | Lair:3   | Found a dark tunnel.
 20767 | Volcano  | Entered a volcano
 21613 | Lair:3   | Learned a level 4 spell: Animate Dead
 22195 | Lair:3   | Found a hole to the Spider Nest.
 23459 | Lair:4   | Reached ***** piety under Vehumet
 23690 | Lair:5   | Offered knowledge of Freezing Cloud by Vehumet.
 23809 | Lair:5   | Reached skill level 5 in Necromancy
 24024 | Lair:5   | Noticed Nessos
 24043 | Lair:5   | Killed Nessos
 24252 | Lair:5   | Found a staircase to the Slime Pits.
 25354 | Lair:5   | Gained mutation: Your large and strong wings let you fly
                  | indefinitely. [Gargoyle growth]
 25354 | Lair:5   | Reached XP level 14. HP: 86/86 MP: 13/27
 25661 | Lair:5   | Upgraded the game from 0.25-a0-97-g19cdb01801 to
                  | 0.25-a0-102-gbfa96ce22d
 25756 | Lair:6   | Entered Level 6 of the Lair of Beasts
 27148 | Lair:6   | Reached skill level 10 in Fighting
 27639 | Lair:6   | Found a burning altar of Makhleb.
 27685 | Lair:6   | Reached skill level 14 in Earth Magic
 28094 | Lair:6   | Found a gateway to Hell.
 28214 | Lair:6   | Upgraded the game from 0.25-a0-102-gbfa96ce22d to
                  | 0.25-a0-109-ge9c0e85935
 28570 | D:12     | Offered knowledge of Airstrike by Vehumet.
 28659 | D:12     | Reached skill level 1 in Evocations
 28767 | D:12     | Identified the +9 falchion "Toumnong" {freeze, MP+9}
 28771 | D:12     | Reached skill level 10 in Spellcasting
 30481 | D:13     | Found a white marble altar of Elyvilon.
 31025 | D:14     | Reached XP level 15. HP: 74/93 MP: 12/29
 31089 | D:14     | Found Munosch's Distillery.
 31094 | D:14     | Offered knowledge of Orb of Destruction by Vehumet.
 31110 | D:14     | Bought a potion of resistance for 140 gold pieces
 31110 | D:14     | Bought a potion of heal wounds for 70 gold pieces
 31110 | D:14     | Bought a potion of mutation for 112 gold pieces
 31110 | D:14     | Bought 2 potions of heal wounds for 140 gold pieces
 31110 | D:14     | Bought a potion of brilliance for 56 gold pieces
 31176 | D:14     | Found a gate leading to a gauntlet.
 31185 | Gauntlet | Entered a Gauntlet
 31185 | Gauntlet | Found a transporter.
 31185 | Gauntlet | Found a transporter.
 31185 | Gauntlet | Found a transporter.
 31193 | Gauntlet | Found a transporter.
 31196 | Gauntlet | Found a transporter.
 31196 | Gauntlet | Found a transporter.
 31210 | Gauntlet | Found a transporter.
 31213 | Gauntlet | Found a transporter.
 31213 | Gauntlet | Found a transporter.
 31213 | Gauntlet | Found a transporter.
 31223 | Gauntlet | Found a transporter.
 31231 | Gauntlet | Found a transporter.
 31436 | Gauntlet | Noticed an acid blob
 31445 | Gauntlet | Noticed a shadow dragon
 31445 | Gauntlet | Noticed a caustic shrike
 31445 | Gauntlet | a shadow dragon changed into a caustic shrike
 31844 | D:14     | Reached skill level 1 in Shields
 31904 | D:14     | Found a gate to the Vaults.
 32647 | D:15     | Entered Level 15 of the Dungeon
 32890 | D:15     | Found a staircase to the Depths.
 32892 | D:15     | Noticed a fire giant
 33004 | D:15     | Killed a fire giant
 33400 | D:15     | Found a runed translucent door.
 33450 | D:15     | Found a runed translucent door.
 33452 | D:15     | Found a shadowy altar of Dithmenos.
 33566 | D:15     | Reached skill level 10 in Conjurations
 33778 | D:15     | Found a runed translucent door.
 33801 | D:15     | Reached skill level 15 in Earth Magic
 33818 | D:15     | Found a runed translucent door.
 33893 | D:15     | Offered knowledge of Iron Shot by Vehumet.
 33901 | D:15     | Learned a level 6 spell: Iron Shot
 34474 | Orc:1    | Entered Level 1 of the Orcish Mines
 34483 | Orc:1    | Paralysed by an orc sorcerer for 2 turns
 34620 | Orc:1    | Found a frozen archway.
 34673 | IceCv    | Entered an ice cave
 34813 | IceCv    | Reached skill level 5 in Evocations
 35077 | IceCv    | Noticed a frost giant
 35603 | IceCv    | Killed a frost giant
 35603 | IceCv    | Reached XP level 16. HP: 80/101 MP: 25/30
 35765 | Orc:1    | Upgraded the game from 0.25-a0-109-ge9c0e85935 to
                  | 0.25-a0-166-g16436c4407
 36121 | Orc:1    | Found Uciphaoxt's Food Shop.
 36247 | Orc:2    | Entered Level 2 of the Orcish Mines
 36251 | Orc:2    | Offered knowledge of Spellforged Servitor by Vehumet.
 37458 | Orc:2    | Found Doph's Weapon Shoppe.
 37458 | Orc:2    | Found Asaisk's Magic Scroll Shop.
 37465 | Orc:2    | Found Azinwiow's General Store.
 37465 | Orc:2    | Found Sori Paniw's Antique Armour Shop.
 37473 | Orc:2    | Bought a scroll of identify for 28 gold pieces
 37477 | Orc:2    | Bought a scroll of teleportation for 51 gold pieces
 37477 | Orc:2    | Bought a scroll of holy word for 127 gold pieces
 37477 | Orc:2    | Bought a scroll of teleportation for 51 gold pieces
 37477 | Orc:2    | Bought a scroll of teleportation for 51 gold pieces
 37479 | Orc:2    | Bought a pair of runed boots for 150 gold pieces
 37479 | Orc:2    | Bought an ominously black robe for 114 gold pieces
 37499 | Orc:2    | Identified a +0 pair of boots of running (You bought it in
                  | a shop on level 2 of the Orcish Mines)
 37509 | Orc:2    | Identified the +4 robe of the Undertaker {Dex+2} (You
                  | bought it in a shop on level 2 of the Orcish Mines)
 37592 | Orc:2    | Bought a scroll of acquirement for 728 gold pieces
 37598 | Orc:2    | Got an ancient brass amulet
 37602 | Orc:2    | Identified the amulet of the Evening {+Rage rF++ Str-3}
                  | (You acquired it on level 2 of the Orcish Mines)
 37639 | Orc:2    | Noticed Josephine
 37651 | Orc:2    | Killed Josephine
 37887 | Orc:2    | Found a staircase to the Elven Halls.
 38400 | Shoals:1 | Entered Level 1 of the Shoals
 39562 | Shoals:1 | Reached skill level 16 in Earth Magic
 39573 | Shoals:1 | Reached ****** piety under Vehumet
 41984 | Shoals:2 | Noticed Aizul
 42280 | Shoals:2 | Killed Aizul
 43497 | Shoals:3 | Offered knowledge of Bolt of Fire by Vehumet.
 43804 | Shoals:3 | Reached XP level 17. HP: 109/109 MP: 29/32
 44312 | Shoals:3 | Noticed a kraken
 44910 | Shoals:3 | Noticed a kraken
 44924 | Shoals:4 | Entered Level 4 of the Shoals
 44937 | Shoals:3 | Reached skill level 5 in Shields
 47665 | Shoals:4 | Reached skill level 17 in Earth Magic
 47836 | Shoals:4 | Upgraded the game from 0.25-a0-166-g16436c4407 to
                  | 0.25-a0-167-g836c352ace
 47919 | Shoals:4 | Got a barnacled rune of Zot
 48404 | Shoals:4 | Offered knowledge of Poison Arrow by Vehumet.
 48785 | Spider:1 | Entered Level 1 of the Spider Nest
 50998 | Spider:2 | Reached XP level 18. HP: 58/116 MP: 9/34
 51442 | Spider:2 | Offered knowledge of Lehudib's Crystal Spear by Vehumet.
 51442 | Spider:2 | Offered knowledge of Shatter by Vehumet.
 51442 | Spider:2 | Offered knowledge of Tornado by Vehumet.
 53189 | Spider:3 | Noticed Kirke
 53222 | Spider:3 | Killed Kirke
 53890 | Spider:4 | Entered Level 4 of the Spider Nest
 54023 | Spider:4 | Reached skill level 18 in Earth Magic
 56229 | Spider:4 | Reached skill level 19 in Earth Magic
 56744 | Spider:4 | Got a gossamer rune of Zot
 57112 | Vaults:1 | Entered Level 1 of the Vaults
 58269 | Vaults:1 | Reached skill level 20 in Earth Magic
 58986 | Vaults:1 | Reached XP level 19. HP: 121/121 MP: 17/36
 60072 | Vaults:1 | Learned a level 9 spell: Shatter
 60111 | Vaults:1 | Reached skill level 21 in Earth Magic
 61250 | Vaults:2 | Upgraded the game from 0.25-a0-167-g836c352ace to
                  | 0.25-a0-178-gc9f82b1288
 61850 | Vaults:2 | Got a jewelled scale mail
 61895 | Vaults:2 | Identified the +3 scale mail "Vaihiorch" {rN+} (You found
                  | it on level 2 of the Vaults)
 62465 | Vaults:2 | Found Beank's Antique Weapon Shop.
 62871 | Vaults:2 | Reached skill level 22 in Earth Magic
 63501 | Vaults:2 | Reached XP level 20. HP: 127/127 MP: 35/37
 63692 | Vaults:2 | Found a staircase to the Crypt.
 65500 | Vaults:3 | Reached skill level 23 in Earth Magic
 65527 | Vaults:3 | Learned a level 2 spell: Swiftness
 65866 | Vaults:3 | Reached XP level 21. HP: 132/132 MP: 29/38
 67021 | Vaults:3 | Found Ypin's Jewellery Shop.
 67336 | Vaults:3 | Reached skill level 24 in Earth Magic
 67472 | Vaults:3 | Upgraded the game from 0.25-a0-178-gc9f82b1288 to
                  | 0.25-a0-185-g6cfeca75b2
 68732 | Vaults:4 | Reached skill level 25 in Earth Magic
 70731 | Vaults:4 | Reached skill level 26 in Earth Magic
 70731 | Vaults:4 | Reached XP level 22. HP: 137/137 MP: 24/39
 71657 | Slime:1  | Entered Level 1 of the Pits of Slime
 73179 | Slime:5  | Entered Level 5 of the Pits of Slime
 74225 | Slime:5  | Reached skill level 10 in Armour
 74614 | Slime:5  | Noticed the Royal Jelly
 75690 | Slime:5  | Reached skill level 27 in Earth Magic
 75690 | Slime:5  | Reached XP level 23. HP: 135/144 MP: 15/40
 76187 | Slime:5  | Found a viscous altar of Jiyva.
 76191 | Slime:5  | Identified Sif Muna's Reference Book on Supportive
                  | Bewitchment
 76239 | Slime:5  | Got a smoking war axe
 76240 | Slime:5  | Identified the +6 war axe of the Two Names {pain, rF++}
                  | (You found it on level 5 of the Pits of Slime)
 76798 | Slime:5  | Got a translucent bronze ring
 76828 | Slime:5  | Identified the ring of Cowardice {rC+ rCorr} (You found it
                  | on level 5 of the Pits of Slime)
 77290 | Slime:5  | Got a crude ring mail
 77291 | Slime:5  | Identified the +2 ring mail of Twilight {rElec SInv} (You
                  | found it on level 5 of the Pits of Slime)
 77300 | Slime:5  | Got a slimy rune of Zot
 77654 | Elf:1    | Entered Level 1 of the Elven Halls
 77900 | Elf:1    | Reached skill level 15 in Fighting
 78493 | Elf:1    | Found Zeoted's Weapon Boutique.
 79129 | Elf:1    | Got a jewelled dagger
 79130 | Elf:1    | Identified the +9 dagger "Gotse" {protect, rElec Str+2
                  | Int+2} (You found it on level 1 of the Elven Halls)
 79506 | Elf:2    | Found a magical portal.
 80330 | Elf:2    | Noticed hitsuchi's ghost (adept MfCK)
 80331 | Elf:2    | Found a runed translucent door.
 80331 | Elf:2    | Found a shimmering altar of Xom.
 80733 | Elf:3    | Entered Level 3 of the Elven Halls
 81496 | Elf:3    | Got a brightly glowing bone ring
 81498 | Elf:3    | Identified the ring "Macsen" {*Corrode rPois MP+9 AC+3
                  | Str+2} (You acquired it on level 3 of the Elven Halls)
 81924 | Elf:3    | Identified the cursed +1 ring mail of the Sun {rN+ MR+
                  | Regen+}
 82089 | Elf:3    | Reached skill level 10 in Dodging
 82901 | Elf:3    | Identified the +1 broad axe of Beffoprup {venom, +Rage
                  | rPois MR- Stlth+}
 84363 | Vaults:5 | Entered Level 5 of the Vaults
 84364 | Vaults:5 | Reached skill level 15 in Conjurations
 84364 | Vaults:5 | Reached XP level 24. HP: 152/152 MP: 41/41
 84369 | Vaults:5 | Noticed Bai Suzhen
 84634 | Vaults:5 | Reached skill level 15 in Spellcasting
 84698 | Vaults:5 | Identified the +8 morningstar "Yxeupt" {venom, Dex+2}
 84867 | Vaults:5 | Noticed an ancient lich
 84871 | Vaults:5 | Noticed Mennas
 84871 | Vaults:5 | Identified the cursed +1 robe of Fiesem {-Cast rPois Str+3
                  | Int+6}
 84872 | Vaults:5 | Killed an ancient lich
 85320 | Vaults:5 | Identified Sif Muna's Grimoire of Mutagenic Fire
 85326 | Vaults:5 | Identified the Guide on Captivating Moulding
 85350 | Vaults:5 | Got a transparent spear
 85351 | Vaults:5 | Identified the +6 spear of the Valley {venom, rPois rN+}
                  | (You found it on level 5 of the Vaults)
 85630 | Vaults:5 | Noticed Margery
 85630 | Vaults:5 | Identified the +7 dire flail of the Priest {protect, rElec
                  | Int+3 Stlth+}
 85637 | Vaults:5 | Killed Margery
 85837 | Vaults:5 | Found Jekuit's Magic Scroll Emporium.
 85846 | Vaults:5 | Bought a scroll of fog for 38 gold pieces
 85846 | Vaults:5 | Bought a scroll of teleportation for 57 gold pieces
 85846 | Vaults:5 | Bought a scroll of enchant armour for 142 gold pieces
 85846 | Vaults:5 | Bought a scroll of magic mapping for 66 gold pieces
 86871 | Vaults:5 | Got a pair of bloodstained boots
 86882 | Vaults:5 | Identified the +1 pair of boots of Ego Kiseudej {rN+++
                  | MR+++ Str-5 Slay-6} (You acquired it on level 5 of the
                  | Vaults)
 87044 | Vaults:5 | Got a silver rune of Zot
 87718 | Crypt:1  | Entered Level 1 of the Crypt
 87776 | Crypt:1  | Reached XP level 25. HP: 156/156 MP: 11/42
 88153 | Crypt:1  | Learned a level 5 spell: Bolt of Magma
 89875 | Crypt:2  | Reached skill level 1 in Fire Magic
 89994 | Crypt:2  | Reached skill level 1 in Staves
 90170 | Crypt:2  | Noticed a greater mummy
 90467 | Crypt:2  | Killed a greater mummy
 91089 | Crypt:2  | Reached skill level 15 in Armour
 92021 | Crypt:3  | Entered Level 3 of the Crypt
 92229 | Crypt:3  | Noticed Saint Roka
 92249 | Crypt:3  | Killed Saint Roka
 92717 | Crypt:3  | Upgraded the game from 0.25-a0-185-g6cfeca75b2 to
                  | 0.25-a0-189-gf71692caf1
 93277 | Crypt:3  | Identified the ring of False Pretenses {*Corrode +Inv rPois
                  | rN+ Str+4}
 93321 | Crypt:3  | Noticed an ancient lich
 93323 | Crypt:3  | Reached skill level 5 in Fire Magic
 93327 | Crypt:3  | Killed an ancient lich
 93444 | Crypt:3  | Got a brightly glowing tin ring
 93448 | Crypt:3  | Identified the ring of Voen {MR+ Int+5} (You found it on
                  | level 3 of the Crypt)
 93495 | Crypt:3  | Found the +9 sword of Zonguldrok {reap}
 93533 | Crypt:3  | Got a faintly glowing long sword
 93537 | Crypt:3  | Identified the +2 long sword of Mourning {slice, rElec
                  | rPois rC+ Str-5} (You found it on level 3 of the Crypt)
 93958 | Crypt:3  | Found a staircase to the Tomb.
 94183 | Tomb:1   | Entered Level 1 of the Tomb of the Ancients
 94877 | Tomb:1   | Reached XP level 26. HP: 146/163 MP: 28/44
 95895 | Tomb:1   | Noticed a greater mummy
 95970 | Tomb:1   | Noticed a greater mummy
 95970 | Tomb:1   | Noticed a greater mummy
 95970 | Tomb:1   | Noticed a greater mummy
 95972 | Tomb:1   | Noticed a greater mummy
 95977 | Tomb:1   | Noticed a greater mummy
 95980 | Tomb:1   | Noticed a greater mummy
 96251 | Tomb:1   | Killed a greater mummy
 96434 | Tomb:1   | Noticed a greater mummy
 96441 | Crypt:3  | Killed a greater mummy
 96764 | Crypt:3  | Learned a level 8 spell: Lehudib's Crystal Spear
 96771 | Crypt:3  | Killed a greater mummy
 96879 | Tomb:1   | Noticed a greater mummy
 96884 | Crypt:3  | Killed a greater mummy
 97040 | Crypt:3  | Killed a greater mummy
 97248 | Tomb:1   | Noticed a greater mummy
 97254 | Crypt:3  | Killed a greater mummy
 97400 | Crypt:3  | Killed a greater mummy
 97537 | Crypt:3  | Killed a greater mummy
 97710 | Tomb:1   | Noticed a greater mummy
 97711 | Tomb:1   | Killed a greater mummy
 97933 | Tomb:1   | Killed a greater mummy
 97941 | Tomb:1   | Noticed a greater mummy
 98126 | Tomb:1   | Killed a greater mummy
 98289 | Tomb:1   | Killed a greater mummy
 98290 | Tomb:1   | Noticed a greater mummy
 98677 | Tomb:1   | Killed a greater mummy
 98936 | Tomb:1   | Noticed a greater mummy
 98974 | Tomb:1   | Killed a greater mummy
 99110 | Tomb:1   | Noticed a greater mummy
 99111 | Tomb:1   | Noticed a greater mummy
 99126 | Tomb:1   | Killed a greater mummy
 99468 | Tomb:1   | Noticed a greater mummy
 99477 | Tomb:1   | Killed a greater mummy
 99503 | Tomb:1   | Noticed a greater mummy
 99743 | Tomb:1   | Killed a greater mummy
 99790 | Tomb:1   | Noticed a greater mummy
 99872 | Tomb:1   | Noticed a greater mummy
 99875 | Tomb:1   | Killed a greater mummy
 99875 | Tomb:1   | Reached XP level 27. HP: 137/173 MP: 13/44
100032 | Tomb:1   | Killed a greater mummy
100032 | Tomb:1   | Noticed a greater mummy
100037 | Tomb:1   | Killed a greater mummy
100304 | Tomb:1   | Killed a greater mummy
100479 | Tomb:1   | Noticed a greater mummy
100485 | Tomb:1   | Killed a greater mummy
100871 | Tomb:1   | Noticed a greater mummy
101114 | Tomb:1   | Killed a greater mummy
102373 | Tomb:2   | Noticed a greater mummy
102373 | Tomb:2   | Noticed a greater mummy
102373 | Tomb:2   | Noticed a greater mummy
102374 | Tomb:2   | Noticed Mara
102374 | Tomb:2   | Noticed a greater mummy
102382 | Tomb:2   | Killed a greater mummy
102382 | Tomb:2   | Killed a greater mummy
102419 | Tomb:2   | Killed a greater mummy
102419 | Tomb:2   | Killed a greater mummy
103093 | Tomb:2   | Reached skill level 10 in Evocations
103380 | Tomb:2   | Noticed Barrydekale's illusion
103767 | Tomb:2   | Killed Mara
104354 | Tomb:3   | Entered Level 3 of the Tomb of the Ancients
104371 | Tomb:3   | Found the +2 cloak of the Thief {+Fog Slay-2 SInv Stlth+}
104377 | Tomb:3   | Identified Sif Muna's Catalogue of Vitriolic Shape Shifting
104386 | Tomb:3   | Noticed a greater mummy
104391 | Tomb:3   | Killed a greater mummy
104392 | Tomb:3   | Noticed a greater mummy
104394 | Tomb:3   | Noticed a greater mummy
104406 | Tomb:3   | Noticed a greater mummy
104406 | Tomb:3   | Noticed a greater mummy
104407 | Tomb:3   | Noticed a greater mummy
104408 | Tomb:3   | Killed a greater mummy
104408 | Tomb:3   | Reached skill level 5 in Translocations
104418 | Tomb:3   | HP: 1/179 [death scarab[a greater mummy] (20)]
104422 | Tomb:3   | Noticed Khufu
104424 | Tomb:3   | HP: 8/179 [death scarab (19)]
104425 | Tomb:3   | Killed a greater mummy
104425 | Tomb:3   | Mangled by a spectral titan

Levels and vault maps discovered:
D:1:      evilmike_arrival_hilbert_curve, layout_rooms
D:2:      minmay_spotlight, layout_basic, minmay_tetromino_o4
D:3:      layout_basic, first_ration, uniq_robin
D:4:      layout_loops_cross, kennysheep_dice, uniq_duvessa
D:5:      layout_basic, kennysheep_little_box, serial_glass, glass_columns_a,
          glass_columns_a, glass_columns_b, glass_columns_b,
          minmay_misc_feat_room, kennysheep_small_circle
D:6:      layout_loops_cross, hellmonk_ghost_happy_afterlife,
          kennysheep_small_square
D:7:      layout_rooms, temple_pool_b
D:8:      layout_basic, basic_altar, serial_shops, shop, uniq_maurice
D:9:      layout_irregular_city, kennysheep_orc_monster_closet_entryway
D:10:     layout_basic
D:11:     minmay_bloctagon_deflated, layout_loops_ring, erik_lair_dragon,
          grunt_tengu_nest
D:12:     minmay_evil_eye, layout_basic
D:13:     layout_roguey, elyvilon_altar_3
D:14:     layout_loops_cross, lightli_vaults_fourway_checkpoint,
          roderic_lattice_a, gauntlet_entry_generic, serial_shops,
          nicolae_shop_trees
D:15:     grunt_enter_depths_giant_problem, layout_loops_ring, basic_altar,
          hangedman_decor_points, minmay_statue_crystal_thing
Temple:   dpeg_three_leaves_temple
Lair:1:   layout_regular_city, chequers_serial_rivers_micro_c,
          infiniplex_staircase_pool_2
Lair:2:   layout_loops_ring, lemuel_old_faithful
Lair:3:   layout_chaotic_city, shoals_dummy_entry,
          nicolae_spider_entry_orb_guardian, nicolae_volcano_entry_hallway,
          grunt_megastairs_4
Lair:4:   layout_loops_ring
Lair:5:   layout_hall_layers, minmay_slime_entry_eyes, special_room
          [special_room_mythical_zoo], uniq_nessos
Lair:6:   evil_forest, layout_long_grid, wad_woods_road_04
Shoals:1: layout_shoals, nicolae_shoals_water_shrine
Shoals:2: layout_shoals, uniq_aizul
Shoals:3: layout_shoals
Shoals:4: shoals_end_hangedman, layout_shoals
Spider:1: layout_spider_delve
Spider:2: layout_spider_delve
Spider:3: layout_chambers, uniq_kirke
Spider:4: spider_rune_water, drop_trap
Slime:1:  layout_caves
Slime:2:  layout_caves
Slime:3:  layout_caves
Slime:4:  layout_caves
Slime:5
Orc:1:    layout_diamond_mine, portal_ice_cave_demonic_guard, serial_shops,
          nicolae_shop_crystal
Orc:2:    grunt_orc_tribal_feast, layout_diamond_mine, uniq_josephine
Elf:1:    elf_arrival_001, layout_gridlike, serial_shops, shop,
          minmay_elf_crystal_heptagon, grunt_megastairs_2
Elf:2:    layout_geoelf_grid, ebering_ghost_xom, mu_enter_wizlab_4
Elf:3:    minmay_elf_hall_dome, layout_gridlike, glass_columns_b, minivault_24
Vaults:1: nicolae_vaults_yaktaur_gun_rack, nicolae_vaults_alarming, v_rooms_4,
          ontoclasm_vaults_idyll, nicolae_vaults_circle_grid_a,
          vaults_room_door_hall, vaults_mumra_chevron, grunt_vaults_focal,
          dpeg_vaults_monster_box, hangedman_vaults_restitches,
          grunt_vaults_hallway_long, layout_vaults_omnicross
Vaults:2: v_misc_5, vaults_room_hangedman_quadrants,
          nicolae_vaults_big_angled_halls, blue_anna_dwarven_crypt,
          ontoclasm_vaults_bender, v_misc_19, hangedman_vaults_trim,
          nicolae_vaults_border_crossing, nicolae_vaults_little_squares_6,
          grunt_vaults_diagonal, vaults_dpeg_encased_lava,
          nicolae_vaults_little_squares_4, layout_vaults_omnigrid, serial_shops,
          shop
Vaults:3: hangedman_vaults_river_flow, nicolae_vaults_network_barrier,
          v_rooms_3, v_misc_10, nicolae_vaults_circle_grid_b, v_pattern_1,
          vaults_room_grid, v_misc_4, vaults_room_large_hall, v_alt_pattern_4,
          vaults_room_glass_cross, layout_vaults_omnibox, serial_shops,
          nicolae_shop_crystal
Vaults:4: v_rooms_4, nicolae_vaults_fighting_squares, vaults_dpeg_hooks,
          v_rooms_6, hangedman_vaults_capsules, hangedman_vaults_stream,
          vaults_dpeg_spiral, ontoclasm_vaults_ring_small,
          nicolae_vaults_ring_of_whatevers, ontoclasm_vaults_fault, v_pattern_5,
          ontoclasm_vaults_ligature, nicolae_vaults_rhombus_6,
          grunt_vaults_trifunnel, layout_vaults_maze_bifur
Vaults:5: uniq_bai_suzhen, uniq_mennas, uniq_margery
Crypt:1:  layout_gridlike
Crypt:2:  lemuel_minitomb, layout_regular_city, wad_floor_pattern_untrapped,
          minmay_misc_feat_columns
Crypt:3:  due_elkab, layout_chaotic_city, uniq_saint_roka
Tomb:1
Tomb:2:   uniq_mara
Tomb:3

Skill      XL: |  1  2  3  4  5  6  7  8  9 10 11 12 13 14 15 16 17 18 19 20 21 22 23 24 25 26 27 |
---------------+----------------------------------------------------------------------------------+-----
Earth Magic    | 4 5 6 7 9 10 12 13 14 15 16 17 20 22 23 26 27 | 27.0
Conjurations   | 1 2 3 4 6 7 9 10 12 13 14 15 16 18 20 | 20.0
Spellcasting   | 3 4 5 7 9 10 11 12 13 14 15 17 | 17.4
Maces & Flails | 1 2 3 |  3.1
Fighting       | 1 2 4 7 8 9 10 12 13 14 15 16 17 20 | 20.0
Armour         | 1 2 4 6 7 8 9 10 12 14 15 | 15.0
Dodging        | 2 4 5 6 7 8 9 10 | 10.1
Stealth        | 4 6 7 8 |  8.1
Poison Magic   | 1 2 |  2.3
Air Magic      | 1 |  1.0
Charms         | 2 3 |  3.0
Necromancy     | 2 5 6 |  6.0
Translocations | 2 7 |  7.2
Evocations     | 2 5 6 10 | 10.0
Shields        | 4 5 |  5.0
Fire Magic     | 5 |  5.0
Staves         | 3 |  3.3
Transmutations | |  0.7

Action                   |  1- 3 |  4- 6 |  7- 9 | 10-12 | 13-15 | 16-18 | 19-21 | 22-24 | 25-27 || total
-------------------------+-------+-------+-------+-------+-------+-------+-------+-------+-------++-------
Melee: Unarmed           |    31 |       |       |       |       |       |       |       |       ||    31
       Short sword       |    32 |   122 |       |       |       |       |       |       |       ||   154
       Whip              |       |    61 |   222 |    92 |       |       |       |       |       ||   375
       Dagger            |       |       |       |    82 |       |       |       |       |       ||    82
       Flail             |       |       |       |    31 |    80 |       |       |       |       ||   111
       Falchion          |       |       |       |       |    69 |    13 |       |       |       ||    82
       Staff             |       |       |       |       |       |    35 |    71 |    21 |    76 ||   203
Throw: Throwing net      |       |     1 |     2 |       |       |       |       |       |       ||     3
 Cast: Sandblast         |    31 |    70 |    79 |   155 |   229 |   330 |   109 |    36 |    66 ||  1105
       Stone Arrow       |       |    11 |    66 |   141 |   581 |   977 |   142 |    60 |     5 ||  1983
       Lee's Rapid Decon |       |       |     5 |    82 |   103 |    75 |    61 |     7 |    11 ||   344
       Mephitic Cloud    |       |       |     3 |    11 |       |     1 |       |       |       ||    15
       Regeneration      |       |       |     3 |       |     6 |    15 |       |     2 |    12 ||    38
       Blink             |       |       |       |     2 |     1 |       |       |       |     1 ||     4
       Petrify           |       |       |       |     7 |    23 |    12 |       |       |       ||    42
       Animate Dead      |       |       |       |       |    19 |     1 |    39 |    14 |     3 ||    76
       Iron Shot         |       |       |       |       |       |   123 |   293 |   386 |   338 ||  1140
       Shatter           |       |       |       |       |       |       |     4 |    83 |   110 ||   197
       Swiftness         |       |       |       |       |       |       |       |     2 |     3 ||     5
       Bolt of Magma     |       |       |       |       |       |       |       |       |     8 ||     8
       Lehudib's Crystal |       |       |       |       |       |       |       |       |    78 ||    78
 Abil: Fly               |       |       |       |       |     1 |       |       |       |       ||     1
       Stop Flying       |       |       |       |       |       |     1 |       |       |       ||     1
Evoke: Wand              |       |       |       |     4 |     5 |    69 |    54 |     5 |    27 ||   164
       Lamp of fire      |       |       |       |       |     1 |     3 |     1 |     1 |     1 ||     7
       Box of beasts     |       |       |       |       |     1 |       |       |     2 |       ||     3
       Crystal ball of e |       |       |       |       |       |     2 |       |       |       ||     2
       Fan of gales      |       |       |       |       |       |     2 |       |     1 |       ||     3
       Sack of spiders   |       |       |       |       |       |       |     2 |       |       ||     2
       Phantom mirror    |       |       |       |       |       |       |       |     2 |       ||     2
  Use: Scroll            |       |     1 |     1 |    18 |     3 |    26 |     2 |    22 |    28 ||   101
       Potion            |       |       |       |     1 |     1 |    10 |     4 |    13 |    11 ||    40
 Stab: Sleeping          |     3 |     4 |     4 |     2 |     3 |       |       |       |       ||    16
       Petrified         |       |       |       |     7 |       |       |       |       |       ||     7
       Paralysed         |       |       |       |       |     5 |       |       |       |       ||     5
       Distracted        |       |       |       |       |     3 |       |     2 |       |       ||     5
  Eat: Chunk             |     1 |    10 |    42 |    56 |    43 |    51 |    26 |    22 |     1 ||   252
       Ration            |       |       |       |       |     7 |    10 |     4 |     9 |    19 ||    49
Armor: Robe              |    32 |   114 |   103 |   200 |   242 |   542 |   125 |   125 |   261 ||  1744
       Scale mail        |       |       |       |       |       |       |     1 |       |       ||     1
       Skin              |       |       |       |       |       |       |     1 |       |       ||     1
       Ring mail         |       |       |       |       |       |       |       |   105 |       ||   105
Dodge: Dodged            |    59 |   205 |   141 |   229 |   308 |   579 |   158 |   193 |   265 ||  2137
       Deflected         |       |       |     6 |     9 |    44 |    82 |    31 |    40 |     3 ||   215
Block: Buckler           |       |       |       |       |    55 |   294 |   137 |   109 |   177 ||   772
       Rpst.: Falchion   |       |       |       |       |    20 |    29 |       |       |       ||    49

Table legend:
 A = Non-vault XP
 B = Vault XP
 C = Vault XP percentage of total XP
 D = Non-vault monster count
 E = Vault monster count
 F = Vault count percentage of total count
                 A         B        C        D         E       F
            +---------+---------+-------+---------+---------+-------
      Total |  589795 |  747760 |  55.9 |    1541 |     848 |  35.5
            +---------+---------+-------+---------+---------+-------
        D:1 |      35 |       0 |   0.0 |      23 |       0 |   0.0
        D:2 |     203 |      25 |  11.0 |      31 |       8 |  20.5
        D:3 |     214 |      28 |  11.6 |      33 |       8 |  19.5
        D:4 |     462 |       1 |   0.2 |      26 |       1 |   3.7
        D:5 |     282 |      14 |   4.7 |      14 |       1 |   6.7
        D:6 |    1259 |       0 |   0.0 |      28 |       0 |   0.0
        D:7 |    1284 |       0 |   0.0 |      23 |       0 |   0.0
        D:8 |    1692 |     480 |  22.1 |      26 |       1 |   3.7
        D:9 |    3860 |    1442 |  27.2 |      36 |      20 |  35.7
       D:10 |    4483 |       0 |   0.0 |      38 |       0 |   0.0
       D:11 |    1705 |    3903 |  69.6 |      20 |      11 |  35.5
       D:12 |    5975 |     530 |   8.1 |      43 |       5 |  10.4
       D:13 |    3146 |       0 |   0.0 |      17 |       0 |   0.0
       D:14 |    9667 |    6390 |  39.8 |      26 |      12 |  31.6
       D:15 |   14621 |    2621 |  15.2 |      38 |       2 |   5.0
     Lair:1 |    6471 |       0 |   0.0 |      26 |       0 |   0.0
     Lair:2 |    3587 |       0 |   0.0 |      13 |       0 |   0.0
     Lair:3 |    7694 |    3167 |  29.2 |      33 |       9 |  21.4
     Lair:4 |    2569 |       0 |   0.0 |      15 |       0 |   0.0
     Lair:5 |   13207 |    9143 |  40.9 |      40 |      27 |  40.3
     Lair:6 |   10089 |    9648 |  48.9 |      35 |      24 |  40.7
   Shoals:1 |   13437 |    3090 |  18.7 |      29 |       6 |  17.1
   Shoals:2 |   11635 |    1706 |  12.8 |      26 |       1 |   3.7
   Shoals:3 |   17687 |    1823 |   9.3 |      35 |       3 |   7.9
   Shoals:4 |   11641 |   14554 |  55.6 |      26 |      25 |  49.0
   Spider:1 |    9426 |       0 |   0.0 |      31 |       0 |   0.0
   Spider:2 |   17947 |       0 |   0.0 |      48 |       0 |   0.0
   Spider:3 |   13301 |    2415 |  15.4 |      33 |       3 |   8.3
   Spider:4 |    4652 |   24030 |  83.8 |      18 |      42 |  70.0
    Slime:1 |    5363 |       0 |   0.0 |       9 |       0 |   0.0
    Slime:2 |   24539 |       0 |   0.0 |      27 |       0 |   0.0
    Slime:3 |   14166 |       0 |   0.0 |      12 |       0 |   0.0
    Slime:4 |   10908 |     234 |   2.1 |      28 |       1 |   3.4
    Slime:5 |   26554 |   17028 |  39.1 |      21 |      10 |  32.3
      Orc:1 |    3388 |     593 |  14.9 |      44 |       2 |   4.3
      Orc:2 |    3144 |    9834 |  75.8 |      40 |      36 |  47.4
      Elf:1 |   14946 |    9140 |  37.9 |      25 |      13 |  34.2
      Elf:2 |   21630 |     913 |   4.1 |      31 |       1 |   3.1
      Elf:3 |   19644 |   42121 |  68.2 |      33 |      29 |  46.8
   Vaults:1 |   22206 |   19975 |  47.4 |      40 |      30 |  42.9
   Vaults:2 |   28523 |   14280 |  33.4 |      63 |      17 |  21.2
   Vaults:3 |   34323 |   21904 |  39.0 |      72 |      32 |  30.8
   Vaults:4 |   30644 |   56575 |  64.9 |      45 |      78 |  63.4
   Vaults:5 |   22659 |  108882 |  82.8 |      27 |      85 |  75.9
    Crypt:1 |   20727 |       0 |   0.0 |      37 |       0 |   0.0
    Crypt:2 |   30835 |   10582 |  25.5 |      44 |      19 |  30.2
    Crypt:3 |   17437 |  109534 |  86.3 |      22 |      87 |  79.8
     Tomb:1 |   17774 |  138703 |  88.6 |      40 |      58 |  59.2
     Tomb:2 |   23848 |   48771 |  67.2 |      33 |      46 |  58.2
     Tomb:3 |    4306 |   42636 |  90.8 |      18 |      50 |  73.5
      IceCv |       0 |    8871 | 100.0 |       0 |      40 | 100.0
    Volcano |       0 |    2174 | 100.0 |       0 |       5 | 100.0
            +---------+---------+-------+---------+---------+-------
